 Dungeon Crawl Stone Soup version 0.30-a0-859-gf88a04b62d (webtiles) character file.

Game seed: 16780493925054156659

37 M4edhros the Trooper (level 3, -5/27 HPs)
             Began as an Octopode Chaos Knight on Mar 6, 2023.
             Was a Plaything of Xom.
             Slain by a hellwing (16 damage)
             ... summoned by Xom
             ... on level 1 of the Dungeon.
             The game lasted 00:00:42 (1305 turns).

M4edhros the Trooper (Octopode Chaos Knight)        Turns: 1305, Time: 00:00:43

Health: -5/27      AC:  1    Str: 11      XL:     3   Next: 39%
Magic:  3/3        EV: 13    Int: 14      God:    Xom [....*.]
Gold:   55         SH:  0    Dex:  8 (13) Spells: 2/2 levels left

rFire   + . .      SeeInvis .    a - +0 mace (chaos)
rCold   . . .      Faith    .    (no shield)
rNeg    . . .      Spirit   .    (helmet restricted)
rPois   .          Reflect  .    (no amulet)
rElec   .          Rampage  .    (no ring)
rCorr   .                        (no ring)
Will    .....                    (no ring)
Stlth   ++                       (no ring)
HPRegen 0.24/turn                (no ring)
MPRegen 0.08/turn                (no ring)
                                 (no ring)
                                 (no ring)

@: unable to read
A: almost no armour, amphibious, 8 rings, camouflage 1, gelatinous body 1,
(nimble swimmer 1), tentacles, tentacle spike 1, fire resistance 1, inability to
read after injury 1
a: Renounce Religion


You were on level 1 of the Dungeon.
You worshipped Xom.
You were a beloved toy of Xom.
You visited 1 branch of the dungeon, and saw 2 of its levels.

You collected 55 gold pieces.

Inventory:

Hand Weapons
 a - a +0 mace of chaos (weapon)
Scrolls
 c - a scroll of brand weapon {unknown}
 d - a scroll of enchant armour {unknown}
 g - a scroll of noise {unknown}
 h - a scroll of identify {unknown}
Potions
 e - a potion of curing {unknown}
 f - a potion of heal wounds {unknown}
Miscellaneous
 b - a piece from Xom's chessboard (15/15) (quivered)


   Skills:
 + Level 3.7 Fighting
 - Level 3.0 Maces & Flails
 + Level 3.2 Dodging


You had 2 spell levels left.
You didn't know any spells.
Your spell library contained the following spells:

 Spells                   Type           Power      Damage    Failure   Level
 Ensorcelled Hibernation  Hex/Ice        0%         N/A       41%         2
 Call Canine Familiar     Summ           0%         N/A       65%         3
 Portal Projectile        Hex/Tloc       0%         N/A       65%         3
 Spider Form              Tmut/Pois      0%         N/A       65%         3
 Anguish                  Hex/Necr       0%         N/A       96%         4
 Leda's Liquefaction      Hex/Erth       0%         N/A       96%         4


Dungeon Overview and Level Annotations

Branches:
Dungeon (2/15)

Altars:


Innate Abilities, Weirdness & Mutations

You cannot wear most types of armour.
You are amphibious.
You can wear up to eight rings at the same time.
Your skin changes colour to match your surroundings (Stealth+).
Your rubbery body absorbs attacks. (AC +1, EV +1)
((You are camouflaged when in or above water. (Stealth+)))
You have tentacles for arms and can constrict up to eight enemies at once.
One of your tentacles bears a spike.
Your flesh is heat resistant. (rF+)
You occasionally lose the ability to read scrolls when taking damage.


Message History

You barely miss the crimson imp. Your grab misses the crimson imp.
The crimson imp hits you.
You hit the crimson imp but do no damage.
You grab the crimson imp.
You pierce the crimson imp, but do no damage.
You squeeze the crimson imp!
The crimson imp is heavily wounded.
You constrict the crimson imp, but do no damage.
The crimson imp hits you.
You hit the crimson imp.
You pierce the crimson imp.
The crimson imp is almost dead.
You constrict the crimson imp.
You kill the crimson imp!
The crimson imp disappears in a puff of smoke!
No target in view!
There is a stone staircase leading down here.
You start resting.
HP restored.
You start waiting.
Done waiting.
You start waiting.
Xom is getting BORED.
You start waiting.
You are now a BORING thing.
You start waiting. "Fight to survive, mortal."
You are now a beloved toy of Xom.
There are monsters nearby!
There are monsters nearby!
There are monsters nearby!
There are monsters nearby!
There are monsters nearby!
There are monsters nearby!
The hellwing hits you! The hellwing closely misses you.
The shadow imp hits you.
There is a stone staircase leading down here.
The shadow imp hits you. The hellwing hits you!
You feel threatened and lose the ability to read scrolls!
Ouch! That really hurt!
You die...

#........ #.....###
#.....## #......#
#....#.# ######.##
########## #...
#........# ####
#.4@5....########
#........#......#
#........#......####
#...................
#........#......###.
##########......####
#......###)........#
#..........###.###.#
#......###.###.###.#


You could see a hellwing (summoned) and a shadow imp (summoned).

Vanquished Creatures
  2 dart slugs (D:1)
  A bat (D:1)
  5 endoplasms (D:1)
  A giant cockroach (D:1)
  4 goblins (D:1)
  3 hobgoblins (D:1)
  2 jackals (D:1)
  2 kobolds (D:1)
  3 quokkas (D:1)
  2 ball pythons (D:1)
  A frilled lizard (D:1)
  A rat (D:1)
27 creatures vanquished.

Notes
Turn   | Place    | Note
-------+----------+-------------------------------------------
     0 | D:1      | M4edhros the Octopode Chaos Knight began the quest for the
                  | Orb.
     0 | D:1      | Reached XP level 1. HP: 16/16 MP: 1/1
   134 | D:1      | Reached XP level 2. HP: 15/21 MP: 2/2
   273 | D:1      | XOM: smoke on damage
   310 | D:1      | Reached XP level 3. HP: 23/26 MP: 3/3
   401 | D:1      | XOM: give mutations
   401 | D:1      | Gained mutation: You occasionally lose the ability to read
                  | scrolls when taking damage. [Xom's mischief]
   401 | D:1      | Gained mutation: One of your tentacles bears a spike.
                  | [Xom's mischief]
   401 | D:1      | Gained mutation: Your body sometimes deteriorates upon
                  | taking damage. [Xom's mischief]
   401 | D:1      | Gained mutation: Your flesh is heat resistant. (rF+) [Xom's
                  | mischief]
   612 | D:1      | XOM: give mutations
   612 | D:1      | Gained mutation: You are clumsy. (Dex -2) [Xom's mischief]
   612 | D:1      | Lost mutation: Your body sometimes deteriorates upon taking
                  | damage. [Xom's mischief]
   612 | D:1      | Lost mutation: You are clumsy. (Dex -2) [Xom's mischief]
   809 | D:1      | XOM: stat loss: -1 Dex (12/13)
   967 | D:1      | XOM: summons 2 hostile demons
  1125 | D:1      | XOM: summons 1 hostile demon
  1302 | D:1      | XOM is BORED!
  1302 | D:1      | XOM: summons 2 hostile demons
  1303 | D:1      | Noticed a hellwing
  1305 | D:1      | Slain by a hellwing

Illustrated notes

Levels and vault maps discovered:
D:1:      eino_arrival_cavern_b, layout_rooms
D:2:      minmay_chambers_of_ones, layout_basic, minmay_small_reverse_x,
          uniq_natasha, uniq_sigmund, uniq_terence

Skill      XL: |  1  2 |
---------------+-------+-----
Dodging        | 3 |  3.2
Fighting       | |  3.7
Maces & Flails | |  3.0

Action                     || total
---------------------------++-------
  Melee: Mace              ||    55
         Constrict         ||    16
         Tentacles         ||    10
         Kick              ||     6
   Stab: Sleeping          ||     4
 Armour: Skin              ||     8
  Dodge: Dodged            ||    52

Table legend: (Time is in decaauts)
 A = Elapsed time spent in this place.
 B = Non-inter-level travel time spent in this place.
 C = Inter-level travel time spent in this place.
 D = Time resting spent in this place.
 E = Time spent auto-exploring this place.
 F = Levels seen in this place.
 G = Mean time per level.
                   A        B        C        D        E       F      G
               +--------+--------+--------+--------+--------+-----+--------+
         Total |   1320 |   1258 |     62 |    484 |    600 |   2 |  660.0 |
       Dungeon |   1320 |   1258 |     62 |    484 |    600 |   2 |  660.0 |
               +--------+--------+--------+--------+--------+-----+--------+

Top non-repeatable levels by time:
     D:1: 1319 daAuts
     D:2: 1 daAuts
